 Dungeon Crawl Stone Soup version 0.27.1-37-g7b29ead8ac (webtiles) character file.

Game seed: 16660741384633336616

628 AarnesTheHuman the Changer (level 7, -1/67 HPs)
             Began as an Octopode Transmuter on Sept 4, 2023.
             Was an Initiate of Gozag.
             Slain by a steam dragon (4 damage)
             ... on level 6 of the Dungeon.
             The game lasted 00:19:04 (7549 turns).

AarnesTheHuman the Changer (Octopode Transmuter)    Turns: 7549, Time: 00:19:04

Health: -1/67      AC: 23    Str: 13 (15) XL:     7   Next: 48%
Magic:  13/13      EV:  2    Int: 15 (18) God:    Gozag
Gold:   226        SH:  0    Dex: 10 (12) Spells: 4/14 levels left

rFire    . . .     SeeInvis .   a - +1 dagger (freeze)
rCold    . . .     Faith    .   (no shield)
rNeg     + + +     Spirit   .   (helmet currently unavailable)
rPois    +         Reflect  .   (no amulet)
rElec    .         Harm     .   c - +6 ring of strength
rCorr    +         Rampage  .   p - ring of resist corrosion
Will     .....     NoTele   +   (no ring)
Stlth    +.........             (no ring)
HPRegen  0.21/turn              (no ring)
MPRegen  0.13/turn              (no ring)
                                (no ring)
                                (no ring)

@: brilliant, tree-form (expiring), hasted, very quick
A: stationary, stasis, torment immunity, boosted hp, almost no armour,
(amphibious), 8 rings, (camouflage 1), (gelatinous body 1), (nimble swimmer 1),
(tentacles)
a: Renounce Religion, Potion Petition, Call Merchant, Bribe Branch


You were on level 6 of the Dungeon.
You worshipped Gozag.
Gozag was aware of your devotion.
You were a tree.
You visited 2 branches of the dungeon, and saw 7 of its levels.
You also visited: Sewer.

You collected 318 gold pieces.
You spent 42 gold pieces at shops.
You paid 50 gold pieces to Gozag.

Inventory:

Hand Weapons
 a - a +1 dagger of freezing (weapon)
 l - a +0 dagger
Missiles
 b - 84 stones
 g - 10 poisoned darts (quivered)
 n - 2 curare-tipped darts
Jewellery
 c - a +6 ring of strength (left branch)
 p - a ring of resist corrosion (right branch)
Wands
 t - a wand of flame (8)
Scrolls
 d - a scroll of fear
 e - a scroll of identify
 m - 2 scrolls of teleportation
 r - a scroll of amnesia {unknown}
 u - a scroll of silence {unknown}
Potions
 f - 4 potions of flight
 j - a potion of degeneration
 k - a potion of curing
 o - 2 potions of brilliance


   Skills:
 + Level 2.8 Fighting
 + Level 2.8 Dodging
 - Level 1.0 Stealth
 - Level 3.0 Unarmed Combat
 - Level 4.0 Spellcasting
 - Level 5.0 Transmutations
 + Level 1.7 Ice Magic
 - Level 3.0 Poison Magic


You had 4 spell levels left.
You knew the following spells:

 Your Spells              Type           Power      Damage    Failure   Level
a - Beastly Appendage     Tmut           54%        N/A       2%          1
b - Wereblood             Tmut           27%        N/A       3%          2
c - Spider Form           Tmut/Pois      11%        N/A       11%         3
d - Ice Form              Ice/Tmut       19%        N/A       41%         4

Your spell library contained the following spells:

 Spells                   Type           Power      Damage    Failure   Level
 Pain                     Necr           16%        1d4       19%         1
 Ozocubu's Armour         Ice            12%        N/A       26%         3
 Metabolic Englaciation   Hex/Ice        4%         N/A       98%         5
 Agony                    Necr           4%         N/A       99%         5
 Excruciating Wounds      Necr           2%         N/A       99%         5
 Simulacrum               Ice/Necr       4%         N/A       100%        6


Dungeon Overview and Level Annotations

Branches:
Dungeon (6/15)             Temple (1/1) D:5           Sewer (visited)

Altars:
Ashenzari
Cheibriados
Dithmenos
Elyvilon
Fedhas
Gozag
Hepliaklqana
Nemelex Xobeh
Okawaru
Qazlal
Ru
Sif Muna
Uskayaw
Wu Jian
Xom
Yredelemnul

Shops:
D:1 =   D:3 [   D:4 *:*   D:5 [!

Annotations:
D:1 exclusion: downstairs
D:2 exclusions: door and downstairs
D:4 exclusion: black bear
D:5 exclusions: downstairs and ice beast
D:6 exclusion: 2 steam dragons


Innate Abilities, Weirdness & Mutations

You are a tree.
Your roots penetrate the ground, keeping you stationary.
You cannot be teleported.
You are immune to unholy pain and torment.
Your maximum health is greatly increased.
You cannot wear most types of armour.
((You are amphibious.))
You can wear up to eight rings at the same time.
((Your skin changes colour to match your surroundings (Stealth+).))
((Your rubbery body absorbs attacks. (AC +1, EV +1)))
((You are camouflaged near water. (Stealth+)))
((You have tentacles for arms and can constrict up to eight enemies at once.))


Message History

The steam dragon bites you!
* * * LOW HITPOINT WARNING * * *
The steam dragon claws you but does no damage.
You hear some strange, mumbled words.
A puff of flame appears from out of thin air!
The puff of flame hits you but does no damage.
Okay, then.
Unknown command.
You cannot teleport because you are held in place by your roots.
You hit the steam dragon. You freeze the steam dragon.
The steam dragon is moderately wounded.
The steam dragon bites you.
* * * LOW HITPOINT WARNING * * *
The steam dragon barely misses you. Something hits you but does no damage.
You hit the steam dragon but do no damage.
The steam dragon is moderately wounded.
The steam dragon bites you.
* * * LOW HITPOINT WARNING * * *
The steam dragon claws you but does no damage.
Something hits you but does no damage.
You hit something. You freeze something.
The steam dragon breathes steam at you.
The ball of steam hits you but does no damage.
Something hits you but does no damage.
You miss something.
You are engulfed in a cloud of scalding steam.
The steam dragon bites you.
* * * LOW HITPOINT WARNING * * *
The steam dragon claws you but does no damage.
You hear some strange, mumbled words.
Something tries to affect you, but you resist.
You feel less attractive to monsters.
It was a potion of haste.
You feel yourself speed up.
You are engulfed in a cloud of scalding steam.
* * * LOW HITPOINT WARNING * * *
An orc wizard appears from thin air!
Reactivating autopickup.
The steam dragon bites you.
You die...
Your body crumbles into a pile of gold.

##.....................##
#........................
#........................
.##....................{...
........................... .
...........###......(.D.... ..
...........###.............
...#######..Do................
.............♣................
..............§.............##
..............###...#......
#########.###.##....#.......
.####...##...............#...##
................#........#.....
................#........#.....
.........................# #...
.....[..###.####.#.......###...


You could see a steam dragon and an orc wizard.

Vanquished Creatures
  A water moccasin (D:5)
  A black bear (D:5)
  A kobold brigand (Sewer)
  A water moccasin skeleton (D:5)
  A bullfrog zombie (D:6)
  2 orc wizards (D:6)
  2 iguanas (D:5)
  A river rat (D:5)
  3 adders
  A howler monkey skeleton (D:4)
  A white imp (D:5)
  7 worms
  2 dart slugs
  10 orcs
  4 ball pythons
  5 bats
  5 endoplasms
  5 giant cockroaches
  11 goblins
  7 hobgoblins
  5 jackals
  4 quokkas
  3 frilled lizards
  11 kobolds
  13 rats
107 creatures vanquished.

Notes
Turn   | Place    | Note
-------+----------+-------------------------------------------
     0 | D:1      | AarnesTheHuman the Octopode Transmuter began the quest for
                  | the Orb.
     0 | D:1      | Reached XP level 1. HP: 13/13 MP: 3/3
     8 | D:1      | Reached skill level 1 in Stealth
   177 | D:1      | Reached XP level 2. HP: 16/18 MP: 5/5
   696 | D:1      | Reached skill level 3 in Transmutations
   699 | D:1      | Learned a level 2 spell: Wereblood
   958 | D:1      | Reached XP level 3. HP: 8/23 MP: 4/6
   962 | D:1      | Learned a level 3 spell: Spider Form
  1605 | D:1      | Found Jialeh's Jewellery Emporium.
  1925 | D:2      | Reached skill level 1 in Poison Magic
  2575 | D:2      | Reached XP level 4. HP: 26/28 MP: 6/8
  3335 | D:3      | Found Pachoifu's Antique Armour Emporium.
  3680 | D:3      | Found a blossoming altar of Fedhas.
  3810 | D:3      | Found a faded altar of an unknown god.
  4242 | D:4      | Found Uvoih's Book Boutique.
  4639 | D:4      | Reached XP level 5. HP: 33/33 MP: 9/9
  4646 | D:4      | Found Motaloef's Assorted Antiques.
  4721 | D:4      | Noticed a black bear
  4947 | D:4      | Found Kiojasut's General Store.
  4956 | D:4      | Bought a scroll of teleportation for 42 gold pieces
  5323 | D:5      | Entered Level 5 of the Dungeon
  5326 | D:5      | Found Liggikenuf's Armour Emporium.
  5346 | D:5      | Found a glowing drain.
  5381 | Sewer    | Entered a sewer
  5576 | Sewer    | Noticed a kobold brigand
  5590 | Sewer    | Killed a kobold brigand
  5591 | Sewer    | Reached skill level 4 in Transmutations
  5591 | Sewer    | Reached XP level 6. HP: 39/39 MP: 11/11
  5683 | Sewer    | Found a white marble altar of Elyvilon.
  5911 | D:5      | Found a staircase to the Ecumenical Temple.
  5922 | Temple   | Entered the Ecumenical Temple
  6037 | Temple   | Became a worshipper of Gozag Ym Sagoz the Greedy
  6163 | D:5      | Noticed a water moccasin
  6172 | D:5      | Killed a water moccasin
  6284 | D:5      | Reached skill level 5 in Transmutations
  6289 | D:5      | Learned a level 4 spell: Ice Form
  6429 | D:5      | Found Ugeill's Distillery.
  6513 | D:5      | Reached XP level 7. HP: 45/45 MP: 13/13
  6607 | D:5      | Identified the +4 rapier of the Freezing Oracle {drain,
                  | rN+}
  6749 | D:5      | Reached skill level 1 in Ice Magic
  7207 | D:6      | Noticed a steam dragon
  7549 | D:6      | HP: 2/67 [steam dragon] (3)]
  7549 | D:6      | Slain by a steam dragon

Illustrated notes

Levels and vault maps discovered:
D:1:      dpeg_arrival_prison, layout_loops_corners, serial_shops, shop
D:2:      layout_rooms, minmay_fractal_squares_gapless_5
D:3:      layout_basic, fedhas_altar_fruit_tree, serial_shops,
          nicolae_shop_behind_doors, shapermc_ecumenical_altar_mp_vishouse
D:4:      layout_basic, serial_shops, shop, nicolae_shop_overgrown_old_shop,
          nicolae_lakefront_shop
D:5:      layout_loops_ring, minmay_temple_entry_antechambers,
          cheibrodos_sewer_entry_sluice, serial_shops, shop,
          nicolae_take_the_stairs, minmay_misc_feat_pillars, kennysheep_diamond
D:6:      layout_basic
Temple:   regret_index_temple_waves

Skill      XL: |  1  2  3  4  5  6  7 |
---------------+----------------------+-----
Stealth        | 1 |  1.0
Transmutations | 3 4 5 |  5.0
Poison Magic   | 1 2 3 |  3.0
Spellcasting   | 3 4 |  4.0
Fighting       | 2 |  2.8
Ice Magic      | 1 |  1.7
Dodging        | |  2.8
Unarmed Combat | |  3.0

Action                   |  1- 3 |  4- 6 |  7- 9 || total
-------------------------+-------+-------+-------++-------
Melee: Unarmed           |    13 |     7 |    24 ||    44
       Constrict         |    28 |    31 |     1 ||    60
       Tentacles         |    14 |    25 |     1 ||    40
       Dagger            |    87 |   146 |    19 ||   252
       Kick              |     9 |    22 |       ||    31
       Punch             |     4 |     3 |       ||     7
Throw: Dart              |     1 |     2 |    12 ||    15
 Cast: Beastly Appendage |    11 |    13 |     2 ||    26
       Wereblood         |     2 |     5 |     2 ||     9
       Spider Form       |       |     1 |     4 ||     5
  Use: Scroll            |       |     4 |       ||     4
       Potion            |       |     2 |     6 ||     8
 Stab: Sleeping          |     8 |     9 |     1 ||    18
Armor: Skin              |    10 |     3 |    50 ||    63
Dodge: Dodged            |    58 |    95 |    17 ||   170
